 Dungeon Crawl Stone Soup version 0.30-a0-561-g1b0378597e (webtiles) character file.

Game seed: 10866020416790573138

54 M4edhros the Charlatan (level 3, -8/24 HPs)
             Began as an Octopode Artificer on Dec 28, 2022.
             Mangled by a gnoll
             ... wielding a +0 halberd
              (13 damage)
             ... on level 2 of the Dungeon.
             The game lasted 00:01:02 (1196 turns).

M4edhros the Charlatan (Octopode Artificer)         Turns: 1196, Time: 00:01:02

Health: -8/24      AC:  1    Str: 11    XL:     3   Next: 91%
Magic:  3/3        EV: 13    Int: 13    God:
Gold:   46         SH:  0    Dex: 14    Spells: 2/2 levels left

rFire   . . .      SeeInvis .      - Unarmed
rCold   . . .      Faith    .    (no shield)
rNeg    . . .      Spirit   .    (helmet restricted)
rPois   .          Reflect  .    (no amulet)
rElec   .          Harm     .    (no ring)
rCorr   .          Rampage  .    (no ring)
Will    .....                    (no ring)
Stlth   +++                      (no ring)
HPRegen 0.24/turn                (no ring)
MPRegen 0.08/turn                (no ring)
                                 (no ring)
                                 (no ring)

@: no status effects
A: almost no armour, amphibious, 8 rings, camouflage 1, gelatinous body 1,
(nimble swimmer 1), tentacles
a: no special abilities


You were on level 2 of the Dungeon.
You visited 1 branch of the dungeon, and saw 2 of its levels.

You collected 46 gold pieces.

Inventory:

Wands
 b - a wand of flame (15) (quivered)
 c - a wand of charming (13)
 d - a wand of iceblast (5)
Scrolls
 a - 2 scrolls of vulnerability {unknown}
 e - a scroll of poison {unknown}
 f - a scroll of noise {unknown}
 h - a scroll of blinking {unknown}
Potions
 g - a potion of degeneration {unknown}


   Skills:
 + Level 1.6 Fighting
 + Level 2.7 Dodging
 + Level 2.4 Stealth
 * Level 1.7 Unarmed Combat
 + Level 3.6 Evocations


You had 2 spell levels left.
You didn't know any spells.
Your spell library was empty.

Dungeon Overview and Level Annotations

Branches:
Dungeon (2/15)

Altars:


Innate Abilities, Weirdness & Mutations

You cannot wear most types of armour.
You are amphibious.
You can wear up to eight rings at the same time.
Your skin changes colour to match your surroundings (Stealth+).
Your rubbery body absorbs attacks. (AC +1, EV +1)
((You are camouflaged when in or above water. (Stealth+)))
You have tentacles for arms and can constrict up to eight enemies at once.


Message History

Found a stone staircase leading down.
You see here a rat corpse.
No target in view!
There is a stone staircase leading down here. 2 gnolls come into view.
The gnoll shouts!
There are monsters nearby!
There are monsters nearby!
An adder comes into view.
The gnoll completely misses you.
There are monsters nearby!
The gnoll hits you from afar with a +0 halberd!
A gnoll comes into view. It is wielding a +0 halberd.
You closely miss the gnoll.
The adder hisses angrily.
Your grab misses the gnoll.
You squeeze the gnoll, but do no damage.
The gnoll misses you. The gnoll hits you with a +0 spear!
* * * LOW HITPOINT WARNING * * *
The gnoll hits you from afar with a +0 spear.
* * * LOW HITPOINT WARNING * * *
Aiming: Charm
Press: ? - help, Shift-Dir - straight line, f - gnoll
Aim: a gnoll, wielding a +0 spear (chance to affect: 67%)
The gnoll is charmed.
Your gnoll closely misses the adder.
Aiming: Charm
Press: ? - help, Shift-Dir - straight line, f - adder, p - gnoll
Aim: an adder (chance to affect: 67%)
The adder is charmed.
The gnoll closely misses you. What are your orders? t - Shout!
Orders for allies: a - Attack new target. p - Attack previous target. r - Retreat! s - Stop attacking. g - Guard the area. f - Follow me.
Anything else - Cancel.
Guard this area!
Your adder bites the gnoll.
Your adder closely misses the gnoll.
The gnoll hits you from afar with a +0 halberd!
Ouch! That really hurt!
You die...

#. # #. ...# #.
##. ### ....
##.##.. ..#
#..###
......##.#
#.... ...g.#.#
#..# #.
#g#.#.###..# ..
#gS...##...##.#
###@..>.......#
######...#####.
##†.......
#..#####.
#........
#.####### #.#
#.#### ##
#.##.## #.


You could see 2 gnolls, a friendly gnoll (charmed, wandering) and a friendly
adder (charmed).

Vanquished Creatures
  An adder (D:2)
  A worm (D:2)
  2 dart slugs
  A bat (D:2)
  4 endoplasms
  4 giant cockroaches
  A goblin (D:2)
  3 hobgoblins
  5 jackals (D:1)
  2 quokkas (D:1)
  5 ball pythons
  2 kobolds
  3 rats
34 creatures vanquished.

Notes
Turn   | Place    | Note
-------+----------+-------------------------------------------
     0 | D:1      | M4edhros the Octopode Artificer began the quest for the
                  | Orb.
     0 | D:1      | Reached XP level 1. HP: 13/13 MP: 1/1
   262 | D:1      | Reached XP level 2. HP: 14/18 MP: 2/2
   306 | D:1      | Reached skill level 1 in Unarmed Combat
   684 | D:1      | Reached XP level 3. HP: 23/23 MP: 3/3
  1196 | D:2      | Mangled by a gnoll

Illustrated notes

Levels and vault maps discovered:
D:1:      doesnt_arrival_eight_statues, layout_loops_corners,
          hellmonk_ecumenical_altar_arch_garden, hex_medium,
          serial_park_tiny_pond
D:2:      layout_loops_corners, minmay_between

Skill      XL: |  1  2 |
---------------+-------+-----
Unarmed Combat | 1 |  1.7
Stealth        | 2 |  2.4
Fighting       | |  1.6
Dodging        | |  2.7
Evocations     | |  3.6

Action                   || total
-------------------------++-------
Melee: Unarmed           ||    96
       Constrict         ||    21
       Tentacles         ||    16
Evoke: Wand              ||     2
 Stab: Sleeping          ||    10
Armor: Skin              ||     3
Dodge: Dodged            ||    54

Table legend: (Time is in decaauts)
 A = Elapsed time spent in this place.
 B = Non-inter-level travel time spent in this place.
 C = Inter-level travel time spent in this place.
 D = Time resting spent in this place.
 E = Time spent auto-exploring this place.
 F = Levels seen in this place.
 G = Mean time per level.
                   A        B        C        D        E       F      G
               +--------+--------+--------+--------+--------+-----+--------+
         Total |   1193 |   1188 |      5 |     85 |    848 |   2 |  596.5 |
       Dungeon |   1193 |   1188 |      5 |     85 |    848 |   2 |  596.5 |
               +--------+--------+--------+--------+--------+-----+--------+

Top non-repeatable levels by time:
     D:1: 716 daAuts
     D:2: 477 daAuts
